Map: El Dorado

Players

SZNightMare (NightMare) - Winner!

  • Race: Protoss Protoss
  • Spawn Location: 7:00

gumiho

  • Race: Terran Terran
  • Spawn Location: 5:00

Event: HomeStory Cup XXVI

VOD

Have the link to the VOD?

Description

Time

  • Played on: Nov. 29, 2024, 9:14 a.m.
  • Length: 13:20

All games in this series

Show
View Real Time Build Order
Export as new Build Order

SZNightMare Protoss - Winner!

Build Orders: 1 Gate Expand, Oracle Opening, Phoenix Opening 

Get SALT Encoding   

  12  0:00  Probe  
  13  0:12  Probe  
  14  0:18  Pylon  
  14  0:24  Probe  
  15  0:34  Probe  
  15  0:38  Gateway  
  15  0:42  Probe  
  16  0:47  Assimilator  
  17  0:51  Probe  
  18  1:03  Probe  
  19  1:15  Probe  
  20  1:25  Cybernetics Core  
  20  1:28  Probe  
  21  1:38  Nexus  
  21  1:46  Pylon  
  21  1:48  Probe  
  21  1:53  Assimilator  
  22  1:58  Probe  
  23  2:04  Adept  
  23  2:06  Probe  
  25  2:14  Probe  
  26  2:22  Stargate  
  27  2:26  Probe  
  28  2:31  Warp Gate  
  28  2:37  Adept  
  28  2:38  Probe  
  31  2:50  Probe  
  32  2:52  Probe  
  32  2:56  Oracle  
  33  3:02  Probe  
  33  3:04  Probe  
  35  3:10  Adept  
  40  3:14  Probe  
  40  3:16  Probe  
  42  3:20  Pylon  
  42  3:26  Gateway  
  42  3:28  Probe  
  42  3:29  Gateway  
  42  3:30  Probe  
  42  3:33  Phoenix  
  44  3:40  Probe  
  47  3:42  Probe  
  48  3:49  Twilight Council  
  48  3:52  Probe  
  48  3:54  Probe  
  50  3:57  Pylon  
  50  4:04  Probe  
  50  4:06  Probe  
  52  4:16  Probe  
  52  4:18  Probe  
  52  4:20  Stalker  
  47  4:28  Probe  
  47  4:29  Stalker x2  
  47  4:30  Probe  
  52  4:40  Probe  
  52  4:42  Probe  
  54  4:49  Charge  
  54  4:52  Probe  
  55  4:54  Nexus, Probe  
  55  4:55  Pylon  
  56  5:04  Probe  
  56  5:06  Probe  
  58  5:11  Gateway  
  58  5:14  Gateway  
  58  5:21  Gateway  
  58  5:23  Gateway, Phoenix  
  58  5:26  Probe x2  
  60  5:30  Assimilator  
  62  5:37  Zealot x2  
  62  5:41  Pylon  
  66  5:50  Phoenix  
  66  5:52  Zealot  
  66  5:54  Pylon  
  66  5:55  Pylon  
  70  6:01  Zealot  
  70  6:02  Zealot  
  74  6:12  Probe  
  74  6:13  Probe x2  
  74  6:17  Phoenix  
  79  6:19  Zealot x3  
  85  6:28  Blink  
  85  6:30  Probe x3  
  88  6:33  Zealot x3  
  94  6:42  Pylon, Probe x3  
  97  6:48  Pylon  
  97  6:52  Robotics Facility  
  97  6:54  Probe x2  
  97  6:56  Probe  
  97  7:00  Zealot  
  97  7:01  Zealot  
  104  7:05  Phoenix  
  102  7:09  Probe x3  
  102  7:13  Pylon  
  102  7:15  Zealot  
  109  7:23  Forge  
  109  7:24  Zealot x3  
  115  7:35  Zealot  
  115  7:36  Zealot x3  
  107  7:48  Protoss Ground Weapons Level 1  
  107  7:49  Zealot x3  
  107  7:50  Pylon  
  99  7:55  Phoenix  
  99  7:57  Zealot x4  
  94  8:00  Observer  
  96  8:10  Zealot x3  
  103  8:17  Zealot x4  
  111  8:23  Robotics Bay  
  111  8:27  Nexus  
  107  8:37  Zealot x3, Phoenix  
  107  8:40  Zealot x3  
  115  8:47  Zealot  
  119  8:59  Zealot x3  
  125  9:06  Zealot x3  
  125  9:07  Zealot  
  123  9:20  Colossus  
  123  9:21  Stalker x3  
  123  9:24  Protoss Ground Weapons Level 2  
  110  9:28  Extended Thermal Lance  
  110  9:30  Stalker x4  
  108  9:40  Probe x2  
  108  9:41  Probe x2  
  112  9:49  Zealot x3  
  112  9:55  Zealot x3  
  112  9:56  Zealot  
  114  10:12  Colossus  
  80  10:22  Zealot x7  
  80  10:25  Shield Battery  
  100  10:29  Shield Battery, Photon Cannon  
  100  10:41  Gateway, Dark Shrine  
  100  10:42  Gateway  
  100  10:48  Pylon  
  100  10:52  Sentry  
  100  10:53  Zealot x2, Sentry  
  100  10:54  Zealot x3  
  112  10:58  Warp Prism  
  112  11:17  Pylon  
  112  11:21  Gateway  
  112  11:22  Zealot x7  
  112  11:23  Gateway  
  126  11:27  Colossus  
  126  11:32  Photon Cannon  
  126  11:33  Pylon  
  131  11:50  Zealot  
  133  11:55  Stalker x5  
  133  11:59  Pylon  
  137  12:04  Zealot x3  
  137  12:26  Zealot x11  
  109  12:52  Zealot  
  109  12:53  Zealot x9  
  99  13:07  Pylon  
Show
View Real Time Build Order
Export as new Build Order

gumiho Terran 

Build Orders:  

Get SALT Encoding   

  12  0:00  SCV  
  13  0:12  SCV  
  14  0:17  Supply Depot  
  14  0:24  SCV  
  15  0:39  SCV  
  15  0:40  Barracks  
  16  0:45  Refinery  
  16  0:51  SCV  
  17  1:03  SCV  
  18  1:15  SCV  
  19  1:27  Orbital Command, Marine  
  20  1:43  Command Center  
  20  1:54  Factory  
  20  1:57  SCV  
  21  2:05  Refinery, Barracks Reactor  
  21  2:09  SCV  
  21  2:15  Supply Depot  
  22  2:22  SCV  
  24  2:37  SCV  
  24  2:38  Hellion  
  24  2:40  Starport  
  24  2:42  Marine  
  24  2:43  Marine  
  28  2:49  SCV  
  29  2:55  Orbital Command  
  29  3:00  Widow Mine  
  29  3:02  Marine  
  32  3:06  Marine  
  32  3:10  SCV  
  32  3:11  Orbital Command  
  34  3:17  Medivac  
  36  3:20  Marine  
  36  3:23  Marine  
  36  3:25  Supply Depot  
  38  3:30  SCV  
  39  3:34  Factory Tech Lab  
  39  3:38  SCV, Marine  
  41  3:41  Marine  
  41  3:42  SCV  
  41  3:46  Supply Depot  
  43  3:50  SCV  
  43  3:54  SCV  
  45  3:57  Barracks, Factory Tech Lab  
  45  4:01  Marine  
  46  4:07  Marine  
  46  4:09  Raven  
  45  4:11  SCV x2  
  44  4:19  Marine  
  44  4:25  Marine  
  44  4:26  Siege Tank  
  44  4:27  SCV  
  44  4:28  SCV  
  48  4:37  Marine  
  49  4:39  SCV  
  49  4:40  SCV  
  49  4:43  Marine  
  48  4:51  SCV  
  49  4:52  SCV  
  49  4:54  Marine  
  49  4:57  Starport Reactor  
  49  4:58  Cyclone  
  54  5:01  Marine  
  54  5:03  SCV  
  54  5:05  SCV  
  56  5:07  Barracks  
  56  5:08  Marine, Stimpack  
  56  5:12  Marine, Engineering Bay  
  57  5:15  Supply Depot  
  57  5:16  SCV  
  57  5:17  SCV  
  57  5:19  Marine  
  60  5:24  Refinery  
  60  5:26  Supply Depot  
  60  5:28  SCV  
  61  5:29  SCV  
  62  5:36  Marine x3  
  62  5:38  Supply Depot  
  62  5:40  SCV, Factory Reactor  
  62  5:41  SCV  
  63  5:52  SCV  
  63  5:54  SCV, Marine x2  
  63  5:55  Terran Infantry Weapons Level 1  
  63  5:56  Marine  
  68  6:01  Supply Depot  
  68  6:02  Combat Shield  
  68  6:03  Supply Depot  
  68  6:04  SCV  
  68  6:06  SCV  
  68  6:09  Marauder  
  70  6:15  Supply Depot  
  70  6:16  SCV, Medivac  
  70  6:18  SCV, Medivac  
  76  6:22  Marauder  
  76  6:24  Marine x2  
  80  6:30  Supply Depot  
  80  6:31  SCV  
  80  6:32  Supply Depot  
  81  6:33  SCV  
  81  6:35  Marauder  
  81  6:38  Widow Mine  
  86  6:40  Widow Mine  
  88  6:47  Marauder  
  90  6:55  Medivac x2  
  90  6:57  Marauder  
  96  7:02  Widow Mine  
  96  7:03  Widow Mine  
  100  7:09  Marauder  
  102  7:15  Marine x2  
  102  7:18  Command Center, Marauder  
  102  7:22  Supply Depot, SCV  
  107  7:23  Supply Depot, SCV  
  107  7:26  Widow Mine x2  
  112  7:30  Marauder  
  107  7:41  Marine x2, Marauder  
  101  7:45  Medivac  
  101  7:47  Widow Mine x2  
  99  7:51  Marauder  
  95  7:59  Marine x2  
  95  8:00  Terran Infantry Armor Level 1  
  95  8:01  Barracks  
  95  8:03  Marauder  
  95  8:04  SCV  
  100  8:05  Barracks  
  100  8:09  Supply Depot  
  100  8:10  SCV  
  100  8:11  Concussive Shells  
  103  8:13  Marauder  
  103  8:16  Widow Mine x2  
  103  8:18  SCV  
  108  8:21  Marine x2  
  108  8:25  Marine  
  110  8:32  Orbital Command  
  110  8:33  Marine  
  106  8:44  Marauder  
  106  8:45  SCV x2  
  106  8:48  Marine x2  
  111  8:52  Marauder, Widow Mine x2  
  111  8:54  Barracks Tech Lab  
  118  8:56  Armory, Barracks Reactor  
  118  9:00  SCV x2  
  119  9:05  Marauder  
  119  9:07  Marine x2  
  123  9:13  Marauder  
  122  9:23  Marauder  
  101  9:25  Marine  
  101  9:26  Marauder  
  101  9:27  Widow Mine x2, Medivac  
  93  9:31  Marine  
  93  9:35  Marauder  
  93  9:37  Marine x2  
  82  9:39  Medivac  
  82  9:40  SCV x3  
  82  9:43  Marine  
  82  9:45  Marauder  
  90  9:48  Marauder  
  90  9:49  Marine  
  90  9:51  Widow Mine  
  93  9:53  Widow Mine  
  93  9:56  Marauder  
  93  9:57  Refinery  
  95  10:06  Marauder  
  94  10:09  Marauder  
  86  10:17  Marauder  
  82  10:22  Widow Mine x2  
  82  10:23  Medivac  
  82  10:28  Marauder  
  88  10:31  Marauder  
  88  10:32  Marine x3  
  88  10:33  Marine  
  94  10:39  Marauder  
  94  10:41  Medivac  
  98  10:47  Command Center  
  98  10:49  Marauder  
  100  10:50  Marine  
  100  10:52  Marauder  
  100  10:54  Marine x2  
  105  10:59  Widow Mine  
  105  11:00  Marauder, Widow Mine  
  105  11:03  Marine  
  111  11:09  Marine  
  111  11:10  Marauder  
  114  11:11  Marine  
  115  11:18  Supply Depot  
  115  11:33  Marauder x3  
  117  11:47  Marine  
  117  11:51  Widow Mine  
  126  11:54  Marauder x3, Widow Mine  
  122  12:02  Medivac  
  122  12:03  Medivac  
  122  12:08  Marine  
  131  12:15  Marauder x2  
  131  12:16  Marauder  
  131  12:17  Widow Mine  
  131  12:18  Widow Mine  
  136  12:27  Marine  
  133  12:32  Medivac  
  127  12:37  Marauder x3  
  127  12:38  Viking  
  79  12:58  Marauder  
Tags
 
Add a new tag
Caveats
  • Supply blocks, unpowered buildings, or Contaminate may cause inaccurate times.
  • Supply counts are checked every 10 seconds.